 Dungeon Crawl Stone Soup version 0.27.1-34-g3ba077fa99 (webtiles) character file.

Game seed: 4960185737679603349

15834 iwittbrodt the Spear-Bearer (level 12, -9/100 HPs)
             Began as a Merfolk Gladiator on Jan 27, 2022.
             Was a Priest of Qazlal.
             Mangled by a two-headed ogre (22 damage)
             ... on level 12 of the Dungeon.
             The game lasted 01:08:48 (18772 turns).

iwittbrodt the Spear-Bearer (Merfolk Gladiator)    Turns: 18772, Time: 01:08:48

Health: -9/100     AC: 15    Str: 25    XL:     12   Next: 31%
Magic:  19/19      EV: 11    Int: 10    God:    Qazlal [***...]
Gold:   143        SH: 16    Dex: 16    Spells: 11/15 levels left

rFire    . . .     SeeInvis .   a - +1 trident
rCold    . . .     Faith    .   p - +0 buckler
rNeg     . . .     Spirit   .   N - +0 chain mail {rPois}
rPois    +         Reflect  +   c - +0 helmet
rElec    +         Harm     .   s - +0 cloak
rCorr    .         Rampage  .   z - +2 pair of gloves {Str+3}
Will     .....                  u - +0 pair of boots
Stlth    ..........             m - amulet of reflection
HPRegen  0.26/turn              v - +4 ring of slaying
MPRegen  0.16/turn              K - ring "Gosacen" {+Blink rElec rPois Str+6 Stlth+}

@: no status effects
A: (nimble swimmer 2), mertail
a: Renounce Religion, Evoke Blink, Upheaval, Elemental Force


You were on level 12 of the Dungeon.
You worshipped Qazlal.
Qazlal was most pleased with you.
You visited 2 branches of the dungeon, and saw 13 of its levels.

You collected 773 gold pieces.
You spent 630 gold pieces at shops.

Inventory:

Hand Weapons
 a - a +1 trident (weapon)
 b - a +0 short sword of venom
Missiles
 d - 7 throwing nets
 e - 51 poisoned darts (quivered)
 f - 399 stones
 o - 23 boomerangs
 q - 5 javelins
 w - 15 sling bullets
Armour
 c - a +0 helmet (worn)
 p - a +0 buckler (worn)
 s - a +0 cloak (worn)
 u - a +0 pair of boots (worn)
 z - a +2 pair of gloves of strength (worn)
 N - a +0 chain mail of poison resistance (worn)
 P - the +0 chain mail "Heuvvag" {rC+++ Int-5}
   (You found it on level 11 of the Dungeon)

   Int:       It affects your intelligence (-5).
   rC:        It renders you almost immune to cold.
Jewellery
 m - an amulet of reflection (around neck)
 v - a +4 ring of slaying (left hand)
 D - a ring of resist corrosion
 E - a ring of ice
 K - the ring "Gosacen" (right hand) {+Blink rElec rPois Str+6 Stlth+}
   (You found it on level 10 of the Dungeon)

   [ring of strength]

   Str:       It affects your strength (+6).
   rElec:     It insulates you from electricity.
   rPois:     It protects you from poison.
   +Blink:    It lets you blink.
   Stlth:     It makes you more stealthy.
Wands
 C - a wand of polymorph (4)
Scrolls
 g - 3 scrolls of teleportation
 h - a scroll of immolation
 l - a scroll of blinking
 n - 3 scrolls of enchant weapon
 A - 4 scrolls of identify
 H - a scroll of summoning {unknown}
 J - a scroll of magic mapping
Potions
 i - 2 potions of resistance
 j - 4 potions of flight
 k - 6 potions of curing
 r - 2 potions of might
 t - a potion of cancellation
 x - a potion of berserk rage
 B - a potion of brilliance
 F - 2 potions of magic
 G - a potion of lignification
 I - a potion of haste
 M - a potion of ambrosia
 R - a potion of invisibility
Miscellaneous
 y - a piece from Xom's chessboard (15/15)


   Skills:
 + Level 11.0 Fighting
 + Level 14.6 Polearms
 - Level 2.7 Throwing
 + Level 2.3 Armour
 - Level 6.6 Dodging
 - Level 7.5 Shields
 + Level 2.1 Spellcasting
 + Level 1.9 Conjurations
 + Level 2.5 Hexes
 * Level 9.4 Invocations


You had 11 spell levels left.
You knew the following spells:

 Your Spells              Type           Power      Damage    Failure   Level
a - Fulminant Prism       Conj/Hex       2%         3d6       100%        4

Your spell library contained the following spells:

 Spells                   Type           Power      Damage    Failure   Level
 Static Discharge         Conj/Air       3%         N/A       91%         2
 Portal Projectile        Hex/Tloc       6%         N/A       98%         3
 Conjure Flame            Conj/Fire      3%         6-21      99%         3
 Call Canine Familiar     Summ           1%         N/A       100%        3
 Ignite Poison            Fire/Tmut/Pois 1%         N/A       100%        3
 Dispel Undead            Necr           1%         3d6       100%        4
 Iskenderun's Mystic Bla  Conj/Tloc      3%         2d3       100%        4
 Leda's Liquefaction      Hex/Erth       1%         N/A       100%        4
 Sticky Flame             Conj/Fire      3%         2d3       100%        4
 Lee's Rapid Deconstruct  Erth           0%         3d5*      100%        5


Dungeon Overview and Level Annotations

Branches:
Dungeon (12/15)            Temple (1/1) D:5            Lair (0/6) D:11
    Orc (0/2) D:11

Altars:
Ashenzari
Cheibriados
Dithmenos
Elyvilon
Fedhas
Gozag
Hepliaklqana
Kikubaaqudgha
Makhleb
Nemelex Xobeh
Okawaru
Qazlal
Ru
Sif Muna
Trog
Uskayaw
Vehumet
Wu Jian
Xom
Yredelemnul
Zin
The Shining One

Shops:
D:1 [*:*!   D:2 *   D:4 !   D:5 (


Innate Abilities, Weirdness & Mutations

((You are quick and stealthy near water. (Stealth+, EV+, Speed+++)))
Your lower body shifts to a powerful aquatic tail in water.


Message History

The two-headed ogre is engulfed in freezing vapours.
You block the two-headed ogre's attack. The two-headed ogre barely misses you.
The two-headed ogre is engulfed in freezing vapours.
You block the two-headed ogre's attack. The two-headed ogre closely misses you.
The two-headed ogre is engulfed in freezing vapours.
The orc priest miscasts a cantrip.
The orc priest calls down the wrath of Beogh upon you.
Beogh smites you!
The orc priest looks encouraged for a moment.
The two-headed ogre looks more healthy.
You hit the two-headed ogre.
The two-headed ogre is almost dead.
You puncture the two-headed ogre!
The two-headed ogre is almost dead.
The two-headed ogre hits you with a +0 giant spiked club!!
You block the two-headed ogre's attack.
You closely miss the two-headed ogre.
The two-headed ogre is almost dead.
You hit the two-headed ogre.
The two-headed ogre is almost dead.
You block the two-headed ogre's attack.
The two-headed ogre hits you with a +0 giant club!
A magic dart appears from out of thin air!
The magic dart hits you but does no damage.
The orc priest miscasts a cantrip.
You hear some strange, mumbled words.
Something tries to affect you, but you resist.
The orc priest begins to cast a cantrip, but forgets the words!
Throw: 52 darts (poison)
Press: ? - help, Q - select action, (/) - cycle Shift-Dir - straight line, f/p - two-headed ogre
Aim: a two-headed ogre, wielding a +0 giant spiked club and a +0 giant club (almost dead, 80% to hit)
You throw a poisoned dart.
The poisoned dart barely misses the two-headed ogre.
The orc priest invokes the aid of Beogh against you.
Beogh smites you!
* * * LOW HITPOINT WARNING * * *
The two-headed ogre hits you with a +0 giant spiked club!!
* * * LOW HITPOINT WARNING * * *
The two-headed ogre hits you with a +0 giant club!!
You die...

.....#,.....,,,,#.......# #....#
.....#......,,,,#.......###....#
.....#......,,,,#......[.......#
###'##......,,,,#..............#
............,,###........#######
............,,#..........#
............,,#..........#
##'##########,#..........#
............#,#.@........#
............###O.ยง.......#
.......o.................#
..............########...#
..............#......#...#
..............#......'...#
##########....#......#..##
#....#......#..#
#....########..########


You could see a two-headed ogre.

Vanquished Creatures
  Harold (D:8)
  A boulder beetle (D:12)
  4 two-headed ogres
  Pikel (D:9)
  A deep elf pyromancer (D:12)
  A manticore (D:7)
  An ugly thing (D:12)
  An ice statue (D:10)
  A gargoyle (D:10)
  An unseen horror (D:11)
  5 trolls
  Grinder (D:2)
  A hornet (D:9)
  3 wraiths
  19 yaks
  3 wyverns
  A steam dragon (D:6)
  A vampire mosquito (D:10)
  8 orc warriors
  An ice beast (D:6)
  2 necrophages (D:6)
  3 ogres (D:5)
  5 centaurs
  A lemure (D:9)
  4 kobold brigands
  A bullfrog (D:8)
  2 scorpions (D:5)
  A wyvern skeleton (D:7)
  6 killer bees (D:9)
  2 howler monkeys
  5 electric eels (D:10)
  10 orc priests
  A centaur skeleton (D:4)
  A hound (D:3)
  4 jellies
  4 iron imps
  14 orc wizards
  A scorpion zombie (D:5)
  Natasha (D:1)
  4 iguanas
  A hound skeleton (D:4)
  2 howler monkey zombies
  8 adders
  3 shadow imps
  4 white imps
  An ufetubus (D:2)
  The ghost of cbfl8 the Skirmisher, a weakling OgDe (D:5)
  2 dart slugs
  47 orcs
  4 endoplasms
  3 giant cockroaches
  13 goblins
  14 hobgoblins
  5 quokkas
  9 ball pythons
  4 bats
  A frilled lizard (D:2)
  27 kobolds
  5 rats
  A butterfly (D:5)
283 creatures vanquished.

Vanquished Creatures (others)
  9 plants (D:7)
9 creatures vanquished.

Grand Total: 292 creatures vanquished

Notes
Turn   | Place    | Note
-------+----------+-------------------------------------------
     0 | D:1      | iwittbrodt the Merfolk Gladiator began the quest for the
                  | Orb.
     0 | D:1      | Reached XP level 1. HP: 16/16 MP: 1/1
    90 | D:1      | Found Kuucs's Assorted Antiques.
   118 | D:1      | Found Nooxuz's Distillery.
   261 | D:1      | Reached XP level 2. HP: 23/23 MP: 2/2
   450 | D:1      | Found Kuacwaat's General Store.
   458 | D:1      | Found Ybudonyll's Book Shoppe.
   651 | D:1      | Found Imaon's Armour Emporium.
   953 | D:1      | Reached XP level 3. HP: 29/29 MP: 3/3
  1476 | D:2      | Noticed Natasha
  1728 | D:2      | Reached skill level 5 in Polearms
  1745 | D:2      | Found Vineleer's Assorted Antiques.
  1883 | D:2      | Found a faded altar of an unknown god.
  1890 | D:2      | Reached XP level 4. HP: 36/36 MP: 4/4
  2159 | D:1      | Killed Natasha
  2552 | D:3      | Noticed Grinder
  2595 | D:2      | Reached skill level 5 in Dodging
  2595 | D:2      | Reached XP level 5. HP: 18/42 MP: 5/5
  3600 | D:3      | Reached skill level 6 in Polearms
  3600 | D:3      | Reached XP level 6. HP: 11/50 MP: 6/6
  3897 | D:3      | Reached skill level 5 in Fighting
  4232 | D:3      | Paralysed by Grinder for 4 turns
  4239 | D:3      | Paralysed by Grinder for 6 turns
  4882 | D:4      | Found Foomu's Distillery.
  5662 | D:4      | Bought a potion of curing for 42 gold pieces
  5888 | D:4      | Reached XP level 7. HP: 57/57 MP: 7/7
  6486 | D:5      | Entered Level 5 of the Dungeon
  6605 | D:5      | Noticed cbfl8's ghost (weakling OgDe)
  6624 | D:5      | Found a runed translucent door.
  6665 | D:5      | Killed cbfl8's ghost
  6711 | D:5      | Reached skill level 1 in Shields
  6804 | D:5      | Found a broken altar of Ashenzari.
  6813 | D:5      | Found a hide-covered altar of Uskayaw.
  6868 | D:5      | Reached skill level 7 in Polearms
  7088 | D:5      | Found Pywos's Weapon Boutique.
  7118 | D:5      | Found a staircase to the Ecumenical Temple.
  7133 | Temple   | Entered the Ecumenical Temple
  7388 | Temple   | Became a worshipper of Qazlal Stormbringer
  7758 | D:2      | Paralysed by Grinder for 6 turns
  7766 | D:2      | Paralysed by Grinder for 4 turns
  7779 | D:2      | Killed Grinder
  7780 | D:2      | Reached skill level 8 in Polearms
  7780 | D:2      | Reached skill level 1 in Invocations
  7780 | D:2      | Reached XP level 8. HP: 36/67 MP: 7/9
  8170 | D:1      | Bought a +2 pair of gloves of stealth for 236 gold pieces
  9091 | D:6      | Reached skill level 9 in Polearms
  9521 | D:6      | Reached XP level 9. HP: 72/72 MP: 11/11
  9807 | D:7      | Reached skill level 10 in Polearms
 10368 | D:7      | Reached * piety under Qazlal
 10374 | D:7      | Found a large runed translucent door.
 10375 | D:7      | Found a large runed translucent door.
 10381 | D:7      | Found a shimmering altar of Xom.
 10414 | D:7      | Noticed a manticore
 11021 | D:7      | Killed a manticore
 11022 | D:7      | Reached skill level 11 in Polearms
 11487 | D:7      | Found a snail-covered altar of Cheibriados.
 11671 | D:7      | Found an ornate altar of the Wu Jian Council.
 11676 | D:7      | Found an iron altar of Okawaru.
 12151 | D:8      | Noticed Harold
 12192 | D:8      | Killed Harold
 12193 | D:8      | Reached skill level 12 in Polearms
 12193 | D:8      | Reached skill level 5 in Shields
 12193 | D:8      | Reached skill level 5 in Invocations
 12193 | D:8      | Reached XP level 10. HP: 25/82 MP: 12/14
 12954 | D:9      | Reached ** piety under Qazlal
 13329 | D:9      | Reached skill level 13 in Polearms
 13475 | D:9      | Found a glowing golden altar of the Shining One.
 13741 | D:9      | Found a burning altar of Makhleb.
 14073 | D:9      | Noticed Pikel
 14089 | D:9      | Killed Pikel
 14218 | D:9      | Reached XP level 11. HP: 84/89 MP: 16/16
 14226 | D:9      | Reached skill level 14 in Polearms
 14442 | D:9      | Reached skill level 10 in Fighting
 14619 | D:10     | Entered Level 10 of the Dungeon
 14659 | D:10     | Noticed a two-headed ogre
 14716 | D:10     | Killed a two-headed ogre
 14972 | D:10     | Noticed a two-headed ogre
 15874 | D:10     | Identified the ring "Gosacen" {+Blink rElec rPois Str+6
                  | Stlth+}
 16292 | D:10     | Reached *** piety under Qazlal
 16313 | D:10     | Killed a two-headed ogre
 16314 | D:10     | Reached skill level 1 in Armour
 16645 | D:1      | Bought a book of Blasting for 352 gold pieces
 16650 | D:1      | Learned a level 4 spell: Fulminant Prism
 17117 | D:11     | Noticed a two-headed ogre
 17152 | D:11     | Killed a two-headed ogre
 17153 | D:11     | Reached skill level 1 in Hexes
 17221 | D:11     | Identified the +0 chain mail "Heuvvag" {rC+++ Int-5}
 17271 | D:11     | Reached skill level 1 in Spellcasting
 17396 | D:11     | Found a staircase to the Orcish Mines.
 17399 | D:11     | Found a staircase to the Lair.
 17657 | D:12     | Reached skill level 1 in Conjurations
 17667 | D:12     | Reached XP level 12. HP: 78/99 MP: 18/18
 17668 | D:12     | Noticed a two-headed ogre
 17682 | D:12     | Killed a two-headed ogre
 17717 | D:12     | Noticed a boulder beetle
 17737 | D:12     | Killed a boulder beetle
 18727 | D:12     | Noticed a two-headed ogre
 18772 | D:12     | Mangled by a two-headed ogre

Illustrated notes

Levels and vault maps discovered:
D:1:      dpeg_arrival_prison, layout_basic, serial_shops, shop,
          nicolae_shop_competitors_out_of_business, nicolae_shop_behind_doors,
          nicolae_shop_behind_doors, nicolae_shop_crystal
D:2:      layout_rooms, basic_ecumenical_altar, serial_shops, shop,
          minmay_large_rounded_square, uniq_natasha
D:3:      layout_basic, uniq_grinder
D:4:      layout_basic, serial_shops, nicolae_diamond_shop, minmay_box_of_dots
D:5:      layout_loops_ring, mainiacjoe_overflow_swirl,
          minmay_temple_entry_butterflies, hellmonk_ghost_happy_afterlife,
          serial_shops, shop, kennysheep_cluttered_room
D:6:      layout_rooms
D:7:      layout_loops_cross, slow_altar_2, mainiacjoe_overflow_boulevard,
          jmf_multi_god_temple2
D:8:      layout_rooms, chequers_ossuary_entry_cave, enter_bailey_3, uniq_harold
D:9:      layout_irregular_city, mainiacjoe_overflow_brackets, demons_altar,
          nicolae_two_hexagons, minmay_misc_feat_hallway, corexii_checkpoint_a,
          uniq_pikel
D:10:     statuecave_lemuel, layout_basic, kennysheep_opposing_triangles
D:11:     layout_long_grid, lair_entry_dummy, orc_0_dummy
D:12:     layout_irregular_city
Temple:   dpeg_chambers_temple

Skill      XL: |  1  2  3  4  5  6  7  8  9 10 11 12 |
---------------+-------------------------------------+-----
Fighting       | 3 4 5 7 8 9 10 11 | 11.0
Polearms       | 5 6 8 9 12 13 14 | 14.6
Dodging        | 5 6 |  6.6
Shields        | 2 3 5 6 7 |  7.5
Invocations    | 1 3 5 6 8 9 |  9.4
Armour         | 1 2 |  2.3
Hexes          | 1 2 |  2.5
Spellcasting   | 1 2 |  2.1
Conjurations   | 1 |  1.9
Throwing       | |  2.7

Action                   |  1- 3 |  4- 6 |  7- 9 | 10-12 || total
-------------------------+-------+-------+-------+-------++-------
Melee: Trident           |    87 |   271 |   329 |   575 ||  1262
       Tailslap          |       |     2 |       |    21 ||    23
Throw: Stone             |     7 |    15 |    18 |       ||    40
       Dart              |       |       |    90 |    81 ||   171
       Boomerang         |       |       |       |    50 ||    50
Invok: Upheaval          |       |       |       |     2 ||     2
  Use: Potion            |       |     3 |       |       ||     3
       Scroll            |       |     4 |    12 |    11 ||    27
 Stab: Sleeping          |     5 |     1 |     1 |       ||     7
Armor: Leather armour    |    18 |    17 |       |       ||    35
       Ring mail         |       |    23 |    37 |       ||    60
       Steam dragon scal |       |       |    20 |    36 ||    56
       Chain mail        |       |       |       |    39 ||    39
Dodge: Dodged            |    51 |   112 |   135 |   132 ||   430
Block: Other             |       |    38 |       |       ||    38
       Buckler           |       |     7 |   125 |   197 ||   329
       Reflection        |       |     1 |     9 |    13 ||    23
